 Dungeon Crawl Stone Soup version 0.29-a0-11-ga75d3d97ab (webtiles) character file.

Game seed: 1882319214795455929

10820 blank1 the Fighter (level 11, -3/106 HPs)
             Began as a Minotaur Fighter on Jan 29, 2022.
             Was a High Priest of Okawaru.
             Slain by a vampire mosquito (7 damage)
             ... on level 12 of the Dungeon.
             The game lasted 00:17:52 (9409 turns).

blank1 the Fighter (Minotaur Fighter)               Turns: 9409, Time: 00:17:53

Health: -3/106     AC: 13    Str: 22    XL:     11   Next: 41%
Magic:  13/13      EV: 10    Int:  7    God:    Okawaru [*****.]
Gold:   1352       SH:  6    Dex: 18    Spells: 10/10 levels left

rFire   . . .      SeeInvis .   w - +8 falchion of Plunder {vorpal, Int+2}
rCold   . . .      Faith    .   c - +0 buckler
rNeg    . . .      Spirit   .   n - +0 chain mail
rPois   +          Reflect  .   (helmet restricted)
rElec   .          Harm     .   (no cloak)
rCorr   .          Rampage  .   h - +0 pair of gloves
Will    .....                   (no boots)
Stlth   ..........              (no amulet)
HPRegen 0.27/turn               e - ring of flight
MPRegen 0.13/turn               b - ring "Yroruug" {rPois Dex+5}

@: flying, studying 2 skills
A: horns 2, retaliatory headbutt
a: Renounce Religion, Heroism, Finesse, Duel


You were on level 12 of the Dungeon.
You worshipped Okawaru.
Okawaru was extremely pleased with you.
You visited 2 branches of the dungeon, and saw 12 of its levels.
You also visited: Ossuary.

You collected 1352 gold pieces.

Inventory:

Hand Weapons
 w - the +8 falchion of Plunder (weapon) {vorpal, Int+2}
   (You found it on level 3 of the Dungeon)

   It inflicts extra damage upon your enemies.
   Int:       It affects your intelligence (+2).
 y - a +8 spectral club
Armour
 c - a +0 buckler (worn)
 h - a +0 pair of gloves (worn)
 n - a +0 chain mail (worn)
Jewellery
 b - the ring "Yroruug" (right hand) {rPois Dex+5}
   (You acquired it on level 6 of the Dungeon)

   [ring of poison resistance]

   Dex:       It affects your dexterity (+5).
   rPois:     It protects you from poison.
 e - a ring of flight (left hand)
 i - a +4 ring of evasion
 J - an amulet of faith
 K - a ring of protection from cold
 L - a +4 ring of protection
Wands
 g - a wand of acid (10)
 p - a wand of flame (44)
 x - a wand of iceblast (14)
Scrolls
 f - 2 scrolls of enchant armour
 k - 3 scrolls of amnesia
 t - a scroll of silence
 z - a scroll of brand weapon {unknown}
 A - 2 scrolls of fear
 B - 4 scrolls of enchant weapon
 D - 2 scrolls of fog
 E - 3 scrolls of magic mapping
 F - a scroll of blinking {unknown}
 G - a scroll of teleportation {unknown}
 H - 4 scrolls of identify
Potions
 a - a potion of flight
 d - 2 potions of might
 j - 5 potions of brilliance
 l - a potion of berserk rage
 m - 4 potions of curing
 o - a potion of ambrosia {unknown}
 q - a potion of attraction
 r - a potion of lignification
 s - 7 potions of mutation
 u - 2 potions of haste
 v - 3 potions of resistance
 C - 2 potions of invisibility
 I - a potion of magic {unknown}


   Skills:
 + Level 12.9 Fighting
 + Level 12.6 Long Blades
 - Level 4.2 Maces & Flails
 - Level 12.0 Armour
 - Level 4.0 Dodging
 - Level 7.0 Shields
 - Level 4.0 Invocations


You had 10 spell levels left.
You didn't know any spells.
Your spell library contained the following spells:

 Spells                   Type           Power      Damage    Failure   Level
 Magic Dart               Conj           0%         1d3       97%         1
 Ensorcelled Hibernation  Hex/Ice        0%         N/A       99%         2
 Sublimation of Blood     Necr           0%         N/A       99%         2
 Mephitic Cloud           Conj/Pois/Air  0%         N/A       100%        3
 Spider Form              Tmut/Pois      0%         N/A       100%        3
 Anguish                  Hex/Necr       0%         N/A       100%        4
 Fulminant Prism          Conj/Hex       0%         3d6       100%        4
 Petrify                  Tmut/Erth      0%         N/A       100%        4
 Irradiate                Conj/Tmut      0%         3d14      100%        5
 Iron Shot                Conj/Erth      0%         9d1       100%        6
 Summon Small Mammal      Summ           Unusable   N/A       N/A         1
 Call Imp                 Summ           Unusable   N/A       N/A         2
 Summon Guardian Golem    Hex/Summ       Unusable   N/A       N/A         3
 Summon Cactus Giant      Summ           Unusable   N/A       N/A         6
 Haunt                    Necr/Summ      Unusable   N/A       N/A         7

Dungeon Overview and Level Annotations

Branches:
Dungeon (10/15)            Temple (1/1) D:7             Orc (0/2) D:12
Ossuary (visited)
   Lair: D:8-11

Altars:
Ashenzari
Cheibriados
Dithmenos
Elyvilon
Fedhas
Gozag
Hepliaklqana
Kikubaaqudgha
Makhleb
Nemelex Xobeh
Okawaru
Qazlal
Ru
Sif Muna
Trog
Uskayaw
Vehumet
Wu Jian
Xom
Yredelemnul
Zin
The Shining One

Shops:
D:1 *   D:2 :   D:4 [

Annotations:
D:8 1 runed translucent door, anonymouscript's ghost, novice HuCj


Innate Abilities, Weirdness & Mutations

You have a pair of horns on your head.
You reflexively headbutt those who attack you in melee.


Message History

* * * LOW HITPOINT WARNING * * *
The vampire mosquito draws strength from your injuries!
You slash the vampire mosquito!
The vampire mosquito is severely damaged.
The vampire mosquito bites you but does no damage.
The vampire mosquito barely misses you.
The orc warrior hits you from afar with a +0 glaive!
* * * LOW HITPOINT WARNING * * *
You slash the vampire mosquito!
You destroy the vampire mosquito!
Okawaru accepts your kill.
The vampire mosquito bites you but does no damage.
You block the orc warrior's attack.
You block the vampire mosquito's attack.
The vampire mosquito bites you but does no damage.
The vampire mosquito bites you.
* * * LOW HITPOINT WARNING * * *
The vampire mosquito draws strength from your injuries!
You block the vampire mosquito's attack.
The vampire mosquito bites you.
* * * LOW HITPOINT WARNING * * *
The vampire mosquito draws strength from your injuries!
The vampire mosquito bites you but does no damage.
The vampire mosquito barely misses you. You furiously retaliate!
You headbutt the vampire mosquito.
You block the vampire mosquito's attack.
Found 2 potions of curing.
You block the vampire mosquito's attack.
The vampire mosquito closely misses you.
The vampire mosquito barely misses you. You furiously retaliate!
You headbutt the vampire mosquito.
The vampire mosquito bites you but does no damage.
The vampire mosquito bites you but does no damage.
The vampire mosquito bites you but does no damage.
Found 14 stones.
The vampire mosquito bites you!
* * * LOW HITPOINT WARNING * * *
The vampire mosquito draws strength from your injuries!
The vampire mosquito bites you but does no damage.
The vampire mosquito bites you!
You die...

..#####*******,,,,,,,,,*
/.##..##,,,,,#......,,,*
.......#,,,,,#.....,,,,*
#......#,,,,,#..(..,,,,*
#......#,,,,,#....#*****
#.###'##,,,,,#....#
#.#....#,,,,,#....#
#o#..Y.#,,,,,#....########**
#.#....#,,,,,#..@.........,*
#Y#....#,,,,,#..y.........,*
Y.#....#,,,,,#............,*
..#..o.+,,,,,###+#oY......,*
..#....#,,,,,**,,#o.......,*
..#...Y#*******,,#.......!,*****
..#...o#,,,,,,,,,#........,,,,,*
..#....+,,,,,,,,,#.....###*,,,,*
..#...Y########,,+K....# *,,,,*


You could see a yak, an orc warrior, a vampire mosquito and an orc.

Vanquished Creatures
  3 two-headed ogres
  A wizard (D:9)
  Pikel (D:8)
  A cyclops (D:9)
  A gargoyle (D:7)
  A kobold demonologist (D:10)
  2 tengu conjurers (D:9)
  2 trolls
  7 yaks
  Eustachio (D:6)
  4 wraiths
  A vampire mosquito (D:12)
  An acid dragon (D:10)
  2 black bears (D:7)
  6 orc warriors
  3 sky beasts
  3 ogres
  3 necrophages
  2 centaurs (D:8)
  A lemure (D:8)
  4 kobold brigands
  6 bullfrogs
  3 scorpions
  6 water moccasin zombies (Ossuary)
  3 killer bees (D:7)
  5 wights
  A howler monkey (D:9)
  5 hounds
  3 centaur zombies
  A jelly (D:6)
  2 bullfrog skeletons
  Ijyb (D:3)
  An iguana (D:7)
  Natasha (thrice) (D:2)
  8 orc wizards
  2 killer bee zombies (D:9)
  2 mummies (Ossuary)
  A gnoll (D:12)
  A howler monkey zombie (D:5)
  3 adders
  A shadow imp (D:8)
  3 white imps
  2 ufetubi
  8 adder zombies (Ossuary)
  2 adder skeletons (D:4)
  2 worms
  20 orcs
  5 endoplasms
  5 giant cockroaches
  2 gnoll zombies (Ossuary)
  3 goblins
  6 hobgoblins
  6 jackals
  7 quokkas
  4 ball pythons
  4 bats
  A frilled lizard (D:2)
  2 hobgoblin zombies (Ossuary)
  4 kobolds
  3 kobold zombies (Ossuary)
  4 orc zombies (Ossuary)
  A quokka skeleton (D:4)
  4 rats
206 creatures vanquished.

Notes
Turn   | Place    | Note
-------+----------+-------------------------------------------
     0 | D:1      | blank1 the Minotaur Fighter began the quest for the Orb.
     0 | D:1      | Reached XP level 1. HP: 19/19 MP: 0/0
    61 | D:1      | Reached XP level 2. HP: 27/27 MP: 1/1
   196 | D:1      | Found Liammif's General Store.
   703 | D:1      | Reached skill level 1 in Dodging
   894 | D:2      | Reached XP level 3. HP: 29/33 MP: 2/2
   955 | D:2      | Noticed Natasha
   963 | D:2      | Killed Natasha
  1125 | D:2      | Noticed Natasha
  1134 | D:2      | Killed Natasha
  1135 | D:2      | Reached XP level 4. HP: 33/41 MP: 3/3
  1199 | D:2      | Found Useing's Book Shop.
  1272 | D:2      | Noticed Natasha
  1284 | D:2      | Killed Natasha
  1571 | D:3      | Reached skill level 5 in Fighting
  1658 | D:3      | Reached XP level 5. HP: 43/48 MP: 4/4
  1868 | D:3      | Found a faded altar of an unknown god.
  2130 | D:3      | Identified the +8 falchion of Plunder {vorpal, Int+2}
  2290 | D:3      | Noticed Ijyb
  2303 | D:3      | Killed Ijyb
  2304 | D:3      | Reached skill level 1 in Long Blades
  2736 | D:4      | Reached XP level 6. HP: 56/56 MP: 5/5
  2882 | D:4      | Reached skill level 5 in Long Blades
  2904 | D:4      | Found Nuomusos's Armour Boutique.
  3031 | D:5      | Entered Level 5 of the Dungeon
  3230 | D:5      | Noticed a sky beast
  3246 | D:5      | Killed a sky beast
  3247 | D:5      | Reached XP level 7. HP: 50/62 MP: 6/6
  4124 | D:6      | Noticed Eustachio
  4129 | D:6      | Killed Eustachio
  4254 | D:6      | Reached XP level 8. HP: 74/74 MP: 7/7
  4407 | D:6      | Identified 2 scrolls of acquirement
  4421 | D:6      | Acquired a manual of Shields
  4423 | D:6      | Acquired the ring "Yroruug" {rPois Dex+5}
  4702 | D:6      | Acquired 676 gold pieces
  4775 | D:7      | Reached skill level 5 in Armour
  5232 | D:7      | Noticed a gargoyle
  5246 | D:7      | Killed a gargoyle
  5247 | D:7      | Reached XP level 9. HP: 36/83 MP: 8/8
  5554 | D:7      | Found a staircase to the Ecumenical Temple.
  5618 | Temple   | Entered the Ecumenical Temple
  5626 | Temple   | Became a worshipper of Warmaster Okawaru
  6233 | D:8      | Noticed a two-headed ogre
  6251 | D:8      | Killed a two-headed ogre
  6251 | D:8      | Reached * piety under Okawaru
  6252 | D:8      | Reached skill level 10 in Fighting
  6252 | D:8      | Reached skill level 10 in Long Blades
  6260 | D:8      | Noticed Pikel
  6274 | D:8      | Killed Pikel
  6274 | D:8      | Reached ** piety under Okawaru
  6625 | D:8      | Found a sand-covered staircase.
  6630 | Ossuary  | Entered an ossuary
  6657 | Ossuary  | Reached XP level 10. HP: 88/94 MP: 12/12
  6812 | Ossuary  | Got the Disquisition on the Entourage and Blows and Bruises
  7068 | D:8      | Found a runed translucent door.
  7072 | D:8      | Noticed a centaur warrior
  7072 | D:8      | Noticed anonymouscript's ghost (novice HuCj)
  7330 | D:9      | Acquired a manual of Armour
  7346 | D:9      | Noticed a two-headed ogre
  7349 | D:9      | Noticed a two-headed ogre
  7360 | D:9      | Killed a two-headed ogre
  7360 | D:9      | Reached *** piety under Okawaru
  7361 | D:9      | Reached skill level 5 in Shields
  7370 | D:9      | Killed a two-headed ogre
  7705 | D:9      | Found a hazy altar of Hepliaklqana.
  7705 | D:9      | Found a hide-covered altar of Uskayaw.
  7752 | D:9      | Noticed a cyclops
  7752 | D:9      | Noticed a six-headed hydra
  7790 | D:9      | Killed a cyclops
  7790 | D:9      | Reached **** piety under Okawaru
  8093 | D:9      | Reached skill level 10 in Armour
  8120 | D:9      | Reached XP level 11. HP: 75/104 MP: 13/13
  8327 | D:9      | Identified the +1 scale mail "Xumelah" {-Tele rC++ Int+4
                  | Stlth+}
  8329 | D:9      | Got the Incunabulum of Old and Reckless
  8489 | D:9      | Found a glowing golden altar of the Shining One.
  8495 | D:9      | Found a burning altar of Makhleb.
  8501 | D:9      | Identified the +2 robe of the Banana {rPois Str+3 Slay+3}
  8501 | D:9      | Noticed a wizard
  8508 | D:9      | Killed a wizard
  8906 | D:10     | Entered Level 10 of the Dungeon
  9271 | D:10     | Reached ***** piety under Okawaru
  9294 | D:10     | You are sucked into a shaft and drop 2 floors!
  9310 | D:12     | Found a staircase to the Orcish Mines.
  9407 | D:12     | HP: 3/106 [vampire mosquito (7)]
  9409 | D:12     | Slain by a vampire mosquito

Illustrated notes

Levels and vault maps discovered:
D:1:      zaba_arrival_water, layout_basic, serial_shops, nicolae_shop_crystal,
          minmay_octomino_j4
D:2:      layout_rooms, serial_shops, nicolae_square_shop, feat_on_display,
          uniq_natasha
D:3:      minmay_angry_zag, layout_basic, shapermc_ecumenical_altar_gd,
          dk_noncrumbling_3, amcnicky_mini_pool_small, minmay_stone_trees_small,
          eino_curves_03, uniq_ijyb
D:4:      layout_rooms, nicolae_stop_n_shop_2
D:5:      layout_basic
D:6:      layout_basic, hex_medium, uniq_eustachio
D:7:      layout_gridville, minmay_temple_entry_ruins
D:8:      layout_cave_pools, enter_ossuary_2, ebering_ghost_inner_flame,
          uniq_pikel
D:9:      minmay_the_grid_octo_tiled_octocenter
          [minmay_the_grid_octo_fan_narrow, minmay_the_grid_octo_clover,
          minmay_the_grid_octo_odd_swirl, minmay_the_grid_octo_checkered,
          minmay_the_grid_octo_prize_ultimate_mussel_roller,
          minmay_the_grid_square_5x5_six, minmay_the_grid_square_5x5_hourglass,
          minmay_the_grid_square_5x5_beaten_path,
          minmay_the_grid_square_5x5_empty], layout_stronghold,
          mainiacjoe_overflow_large_starburst,
          chequers_temple_overflow_statue_of_worship
D:10:     layout_roguey, kennysheep_generic_room_3
D:12:     layout_gridville, kennysheep_orc_monster_closet_entryway,
          ebering_ghost_gozag
Temple:   nicolae_temple_no_exploring_needed

Skill      XL: |  1  2  3  4  5  6  7  8  9 10 11 |
---------------+----------------------------------+-----
Dodging        | 1 2 4 |  4.0
Fighting       | 4 5 7 9 10 12 | 12.9
Armour         | 4 6 10 12 | 12.0
Shields        | 4 7 |  7.0
Maces & Flails | 3 4 |  4.2
Long Blades    | 3 5 7 8 10 12 | 12.6
Invocations    | 4 |  4.0

Action                   |  1- 3 |  4- 6 |  7- 9 | 10-12 || total
-------------------------+-------+-------+-------+-------++-------
Melee: Flail             |    43 |       |       |       ||    43
       Headbutt          |     9 |    15 |    25 |    63 ||   112
       Whip              |    31 |    48 |       |       ||    79
       Falchion          |       |    67 |   156 |   233 ||   456
Invok: Heroism           |       |       |       |     2 ||     2
  Use: Scroll            |       |     1 |    20 |     5 ||    26
       Potion            |       |       |       |     1 ||     1
Armor: Scale mail        |    38 |       |       |       ||    38
       Chain mail        |     2 |    44 |    70 |    69 ||   185
Dodge: Dodged            |    34 |    43 |    65 |    72 ||   214
Block: Buckler           |    18 |    24 |    40 |    55 ||   137

Table legend: (Time is in decaauts)
 A = Elapsed time spent in this place.
 B = Non-inter-level travel time spent in this place.
 C = Inter-level travel time spent in this place.
 D = Time resting spent in this place.
 E = Time spent auto-exploring this place.
 F = Levels seen in this place.
 G = Mean time per level.
                   A        B        C        D        E       F      G
               +--------+--------+--------+--------+--------+-----+--------+
         Total |   9391 |   9061 |    330 |    730 |   6585 |  13 |  722.4 |
       Dungeon |   9199 |   8874 |    325 |    730 |   6475 |  11 |  836.3 |
        Temple |     14 |      9 |      5 |      0 |      0 |   1 |   14.0 |
       Ossuary |    177 |    177 |      0 |      0 |    110 |   1 |  177.0 |
               +--------+--------+--------+--------+--------+-----+--------+

Top non-repeatable levels by time:
     D:9: 1720 daAuts
     D:7: 1628 daAuts
     D:3: 1066 daAuts
     D:1: 1017 daAuts
     D:6: 872 daAuts
     D:5: 687 daAuts
     D:4: 622 daAuts
     D:8: 564 daAuts
     D:2: 535 daAuts
    D:10: 379 daAuts
 Ossuary: 177 daAuts
    D:12: 104 daAuts
  Temple: 14 daAuts
